 Dungeon Crawl Stone Soup version 0.18-a0-1718-g40ea4b6 (webtiles) character file.

465 dohliylev the Shield-Bearer (level 7, 0/44 HPs)
             Began as a Gargoyle Fighter on Apr 8, 2016.
             Killed by divine providence
             ... invoked by an orc priest
              (8 damage)
             ... on level 4 of the Dungeon.
             The game lasted 00:09:56 (3160 turns).

dohliylev the Shield-Bearer (Gargoyle Fighter)      Turns: 3160, Time: 00:09:59

Health: 0/44       AC: 13    Str: 21    XL:     7   Next: 8%
Magic:  0/7        EV:  7    Int:  9    God:
Gold:   177        SH: 10    Dex: 12    Spells: 0 memorised, 6 levels left

rFire  + . .     SeeInvis .     a - +0 war axe
rCold  . . .     Gourm    .     b - +0 scale mail
rNeg   + . .     Faith    .     c - +0 shield
rPois  ∞         Spirit   +     p - +0 helmet
rElec  +         Dismiss  .     (no cloak)
rCorr  .         Reflect  .     (no gloves)
SustAt .         Harm     .     (no boots)
MR     .....                    x - amulet of guardian spirit
Stlth  ..........               h - +3 ring of dexterity
                                r - ring of protection from fire

@: not resistant to hostile enchantments, extremely unstealthy
A: negative energy resistance 1, electricity resistance, unbreathing,
petrification resistance, rot immunity, AC +4
a: no special abilities


You were on level 4 of the Dungeon.
You were hungry.

You visited 1 branch of the dungeon, and saw 4 of its levels.
You also visited: Ossuary.

You collected 177 gold pieces.

Inventory:

Hand Weapons
 a - a +0 war axe (weapon)
Armour
 b - a +0 scale mail (worn)
 c - a +0 shield (worn)
 p - a +0 helmet (worn)
Jewellery
 h - a +3 ring of dexterity (right hand)
 r - a ring of protection from fire (left hand)
 x - an amulet of guardian spirit (around neck)
Scrolls
 e - 2 scrolls of remove curse
 i - 3 scrolls of amnesia {unknown}
 j - a scroll of brand weapon {unknown}
 k - 2 scrolls of enchant armour {unknown}
 l - a scroll of immolation {unknown}
 m - a scroll of blinking {unknown}
 t - 2 scrolls of magic mapping {unknown}
 w - 3 scrolls of identify {unknown}
 y - a scroll of fear {unknown}
 z - 3 scrolls of random uselessness {unknown}
 A - a scroll of holy word {unknown}
Potions
 d - 2 potions of might
 n - a potion of lignification {unknown}
 o - 2 potions of flight {unknown}
 q - 3 potions of curing {unknown}
 s - 2 potions of mutation {unknown}
 u - a potion of heal wounds {unknown}
 v - a potion of cancellation {unknown}
 B - 2 potions of haste {unknown}
 C - a potion of berserk rage {unknown}
Books
 g - a book of Power

   Spells                             Type                      Level
   a - Fulminant Prism                Conjuration/Hexes            4
   b - Iskenderun's Mystic Blast      Conjuration                  4
   c - Venom Bolt                     Conjuration/Poison           5
   d - Bolt of Magma                  Conjuration/Fire/Earth       5
   e - Iron Shot                      Conjuration/Earth            6
   f - Orb of Destruction             Conjuration                  7
   g - Spellforged Servitor           Conjuration/Summoning        7
 D - a book of Cantrips

   Spells                             Type                      Level
   a - Corona                         Hexes                        1
   b - Animate Skeleton               Necromancy                   1
   c - Summon Small Mammal            Summoning                    1
   d - Apportation                    Translocation                1
Comestibles
 f - 3 bread rations
 E - a meat ration
 F - a chunk of flesh


   Skills:
 + Level 4.5 Fighting
 + Level 3.8 Axes
 + Level 4.8 Armour
 + Level 5.6 Shields


You had 6 spell levels left.
You didn't know any spells.

Dungeon Overview and Level Annotations

Branches:
Dungeon (4/15)
 Temple: D:4-7

Altars:
Okawaru

Annotations:
D:4 Blork the orc


Innate Abilities, Weirdness & Mutations

You are resistant to torment.
Your stone body is resilient (AC +4).
You are immune to poison.
You resist negative energy.
You are resistant to electric shocks.
You can survive without breathing.
You are immune to petrification.
You are immune to rotting.


Message History

The howler monkey hoots and howls with incredible vigour!
You block the jackal's attack.
The orc priest casts a cantrip, but nothing happens.
The jackal bites you but does no damage.
You slash the jackal!
You kill the jackal!
You barely miss something.
You hear some strange, mumbled words.
A puff of frost appears from out of thin air!
The puff of frost hits you! Something hits you but does no damage.
Something hits you.
* * * LOW HITPOINT WARNING * * *
Something hits you but does no damage.
You hit something.
You hear a zap.
A puff of flame appears from out of thin air!
The puff of flame hits you!
The orc priest invokes the aid of Beogh against you.
Beogh smites you!
You die...

#....................)..#
#.#...(................<####
..#........................#
###.....................##.....
#......................# #.#.
##..............o.......# #
#..............hZh.....## ##.
#....###'###.###{###..## ... .
#.... #.##...##@##...###<## #..
#.### ###.....###............
.. ..#.......#.......###.#
#..###'###...#..#.....#...
##..##.##..#.#............
##....###...#....#####.....
#......#.......#.# ...
#............###.## .
#...................


You could see a howler monkey, an orc priest, a jackal and a quokka skeleton.

Vanquished Creatures
  An elf zombie (Ossuary)
  A human zombie (Ossuary)
  A hound (D:4)
  Jessica (D:2)
  Ijyb (D:2)
  Terence (D:2)
  A big kobold zombie (Ossuary)
  5 mummies
  Robin (D:2)
  3 gnolls (D:3)
  4 adders
  2 oozes (D:3)
  An adder zombie (Ossuary)
  A worm (D:3)
  3 dart slugs
  A giant gecko (D:2)
  4 orcs (D:4)
  3 ball pythons
  6 bats
  5 giant cockroaches
  2 gnoll zombies (Ossuary)
  10 hobgoblins
  A jackal (D:4)
  8 kobolds
  A quokka (D:3)
  2 giant newts
  12 goblins
  2 goblin zombies
  A hobgoblin zombie (Ossuary)
  A kobold zombie (Ossuary)
  2 orc zombies
  2 rats (D:1)
  2 rat zombies (Ossuary)
92 creatures vanquished.

Vanquished Creatures (others)
  4 toadstools (D:1)
4 creatures vanquished.

Grand Total: 96 creatures vanquished

Notes
Turn   | Place    | Note
--------------------------------------------------------------
     0 | D:1      | dohliylev the Gargoyle Fighter began the quest for the Orb.
     0 | D:1      | Reached XP level 1. HP: 14/14 MP: 1/1
   109 | D:1      | Reached XP level 2. HP: 18/19 MP: 2/2
   525 | D:1      | Reached XP level 3. HP: 23/23 MP: 3/3
  1044 | D:2      | Noticed Terence
  1055 | D:2      | Killed Terence
  1055 | D:2      | Reached skill level 4 in Shields
  1055 | D:2      | Reached XP level 4. HP: 28/29 MP: 4/4
  1115 | D:2      | Noticed Ijyb
  1138 | D:2      | Killed Ijyb
  1244 | D:2      | Noticed Robin
  1273 | D:2      | Killed Robin
  1273 | D:2      | Reached XP level 5. HP: 22/33 MP: 5/5
  1535 | D:2      | Noticed Jessica
  1538 | D:2      | Killed Jessica
  1640 | D:3      | Found an iron altar of Okawaru.
  2152 | D:4      | Reached XP level 6. HP: 38/38 MP: 6/6
  2160 | D:4      | Found a sand-covered staircase.
  2384 | Ossuary  | Entered an ossuary
  2410 | Ossuary  | Reached skill level 5 in Shields
  3092 | D:4      | Reached XP level 7. HP: 44/44 MP: 7/7
  3141 | D:4      | Noticed Blork the orc
  3160 | D:4      | Killed from afar by an orc priest

Vault maps used:
D:1:      ldierk_walled_garden_2, st_stairs_8, kennysheep_nondescript
D:2:      nrook_mini_backslash, uniq_terence, uniq_iyjb, uniq_robin,
          uniq_jessica
D:3:      first_bread, okawaru_ov_weapons_minmay
D:4:      nicolae_overflow_hidden_temple, temple_fountains,
          nicolae_ossuary_entry_giza, uniq_blork_the_orc
Ossuary:  ossuary_minmay_tomb_2a

Skill      XL: |  1  2  3  4  5  6 |
---------------+-------------------+-----
Axes           | 2 3 |  3.8
Armour         | 4 |  4.8
Shields        | 4 5 |  5.6
Fighting       | 4 |  4.5

Action                   |  1- 3 |  4- 6 |  7- 9 || total
-------------------------+-------+-------+-------++-------
Melee: War axe           |    80 |   248 |    21 ||   349
  Use: Scroll            |       |     1 |       ||     1
  Eat: Chunk             |     1 |     4 |     1 ||     6
       Beef jerky        |       |     1 |       ||     1
